 Dungeon Crawl Stone Soup version 0.28.0 (webtiles) character file.

Game seed: 11629313132789360572

2732 Xavier the Chopper (level 9, -1/75 HPs)
             Began as a White Draconian Fighter on Feb 4, 2022.
             Was a Priest of Trog.
             Killed from afar by a steam dragon (10 damage)
             ... with a ball of steam
             ... on level 6 of the Dungeon.
             The game lasted 00:49:29 (6288 turns).

Xavier the Chopper (White Draconian Fighter)        Turns: 6288, Time: 00:49:30

Health: -1/75      AC:  7    Str: 19    XL:     9   Next: 40%
Magic:  0/9        EV: 14    Int: 10    God:    Trog [***...]
Gold:   248        SH:  0    Dex: 13    Spells: 8/8 levels left

rFire   . . .      SeeInvis .   l - +3 war axe
rCold   + . .      Faith    .   c - orb {light}
rNeg    . . .      Spirit   +   (armour unavailable)
rPois   .          Reflect  .   (helmet restricted)
rElec   .          Harm     .   (no cloak)
rCorr   .          Rampage  .   (no gloves)
Will    .....                   (no boots)
Stlth   +.........              i - amulet of guardian spirit
HPRegen 0.22/turn               (no ring)
MPRegen 0.11/turn               (no ring)

@: short of breath, glowing
A: breathe frost, AC +7, unfitting armour, cold resistance 1, cold-blooded
a: Breathe Frost, Renounce Religion, Berserk, Trog's Hand


You were on level 6 of the Dungeon.
You worshipped Trog.
Trog was most pleased with you.
You visited 1 branch of the dungeon, and saw 6 of its levels.

You collected 248 gold pieces.

Inventory:

Hand Weapons
 e - a +1 antimagic trident
 h - a +1 falchion of holy wrath
 l - a +3 war axe (weapon)
Missiles
 a - 2 boomerangs (quivered)
Armour
 b - a +1 buckler
 c - an orb of light (worn)
Jewellery
 i - an amulet of guardian spirit (around neck)
Scrolls
 g - 5 scrolls of immolation
 j - a scroll of amnesia
Potions
 d - a potion of attraction


   Skills:
 + Level 6.0 Fighting
 + Level 4.5 Long Blades
 + Level 6.2 Axes
 + Level 4.7 Throwing
 + Level 5.4 Dodging
 + Level 2.2 Stealth
 * Level 5.8 Shields


You had 8 spell levels left.
You didn't know any spells.
Your spell library was empty.

Dungeon Overview and Level Annotations

Branches:
Dungeon (6/15)             Temple (0/1) D:4

Altars:
Hepliaklqana
Qazlal
Trog
Uskayaw
Wu Jian
Xom

Shops:
D:3 :

Annotations:
D:3 2 transporters, growler's ghost, amateur TeAE


Innate Abilities, Weirdness & Mutations

You can breathe waves of freezing cold which knock back foes.
Your icy white scales are hard. (AC +7)
You cannot fit into any form of body armour.
Your flesh is cold resistant. (rC+)
You are cold-blooded and may be slowed by cold attacks.


Message History

j - a scroll of amnesia The steam dragon breathes steam at you.
The ball of steam hits the gnoll!
The ball of steam hits you!
The gnoll is engulfed in a cloud of scalding steam.
The gnoll dies!
The iguana is engulfed in a cloud of scalding steam.
Throw: 2 boomerangs
Press: ? - help, Q - select action, (/) - cycle Shift-Dir - straight line, f - iguana
Aim: an iguana (severely wounded, haloed, 83% to hit)
You throw a boomerang.
The boomerang hits the iguana but does no damage.
The iguana is severely wounded.
You barely miss the iguana.
You tail-slap the iguana, but do no damage.
The iguana is severely wounded.
The iguana bites you.
You slash the iguana!
You kill the iguana!
Trog accepts your kill. The steam dragon breathes steam at you.
The ball of steam hits you!!
Unknown command.
Okay, then.
The steam dragon breathes steam at you. The ball of steam hits you!!
* * * LOW HITPOINT WARNING * * *
You are engulfed in a cloud of scalding steam.
* * * LOW HITPOINT WARNING * * *
You have got your breath back.
You see here 6 poisoned darts.
Aiming: Breathe Frost (4% risk of failure)
Press: ? - help, Shift-Dir - straight line, f - steam dragon
Aim: a steam dragon (steam, catching its breath, haloed, 79% to hit)
You exhale a wave of freezing cold.
The freezing breath hits the steam dragon!
The steam dragon is heavily wounded.
The gnoll is engulfed in a cloud of scalding steam.
The steam dragon breathes steam at you. The ball of steam hits you!
You die...

#.####..###..
#####.......#...#
#....######......
... #....# #.#....
... #....#
###.###.. #.##
#....####.[).....
#..#
#.........#......
#..#
###)....####.......
#.§#
#.@.###............
#..# ####§###
#...###......
#§.###..§.# #...#
#...).. #.§##gD####
#...# #......
#.....## #...#
##..(.. #g#..##
..#.# #.....
#†#.........
.......
###g##.#######
#...... #....#.#
.......


There were no monsters in sight!

Vanquished Creatures
  A centaur zombie (D:6)
  A water moccasin (D:5)
  A hornet zombie (D:6)
  2 ice beasts
  A sky beast (D:4)
  An orc warrior (D:6)
  A necrophage (D:5)
  An ogre (D:5)
  3 scorpions
  A water moccasin skeleton (D:6)
  A wight (D:5)
  A vampire bat (D:5)
  A howler monkey (D:4)
  2 bullfrog skeletons
  A bullfrog zombie (D:6)
  5 hounds
  A jelly (D:4)
  4 orc priests
  A centaur skeleton (D:4)
  5 orc wizards
  3 iguanas
  A killer bee zombie (D:6)
  A hound zombie (D:5)
  A hound skeleton (D:4)
  A howler monkey zombie (D:5)
  12 adders
  6 gnolls
  A white imp (D:4)
  2 ufetubi
  An adder zombie (D:5)
  A worm (D:2)
  3 dart slugs
  3 fire bats (D:5)
  24 orcs
  2 spectral bats (D:5)
  10 ball pythons
  14 bats
  3 bat skeletons (D:5)
  A bat zombie (D:5)
  11 endoplasms
  4 giant cockroaches
  8 goblins
  7 hobgoblins
  9 jackals
  10 kobolds
  5 quokkas
  A bat simulacrum (D:5)
  4 frilled lizards
  3 rats
187 creatures vanquished.

Vanquished Creatures (collateral kills)
  A black bear (D:6)
  A sky beast (D:6)
  A gnoll shaman (D:6)
  2 gnolls (D:6)
  A dart slug (D:3)
6 creatures vanquished.

Vanquished Creatures (others)
  2 hounds (D:5)
  A gnoll (D:6)
  2 plants (D:2)
5 creatures vanquished.

Grand Total: 198 creatures vanquished

Notes
Turn   | Place    | Note
-------+----------+-------------------------------------------
     0 | D:1      | Xavier the Draconian Fighter began the quest for the Orb.
     0 | D:1      | Reached XP level 1. HP: 19/19 MP: 1/1
   184 | D:1      | Reached XP level 2. HP: 18/26 MP: 2/2
   515 | D:2      | Found a faded altar of an unknown god.
   525 | D:2      | Reached XP level 3. HP: 31/31 MP: 3/3
   542 | D:2      | Prayed at the altar of an unknown god.
   542 | D:2      | Became a worshipper of Trog the Wrathful
   542 | D:2      | Reached * piety under Trog
  1012 | D:2      | Reached XP level 4. HP: 15/40 MP: 4/4
  2281 | D:3      | Found a transporter.
  2286 | D:3      | Noticed growler's ghost (amateur TeAE)
  2375 | D:3      | Found a hazy altar of Hepliaklqana.
  2398 | D:3      | Reached ** piety under Trog
  2402 | D:3      | Noticed an ice beast
  2411 | D:3      | Killed an ice beast
  2412 | D:3      | Reached skill level 1 in Throwing
  2412 | D:3      | Reached skill level 1 in Stealth
  2412 | D:3      | Reached XP level 5. HP: 46/46 MP: 5/5
  2415 | D:3      | Found a transporter.
  2822 | D:3      | You fall into a shaft and drop 1 floor!
  2823 | D:4      | Found a stormy altar of Qazlal.
  2909 | D:4      | Reached XP level 6. HP: 52/52 MP: 6/6
  2935 | D:4      | Noticed a sky beast
  2942 | D:4      | Killed a sky beast
  3079 | D:4      | Found an ornate altar of the Wu Jian Council.
  3095 | D:4      | Reached skill level 1 in Long Blades
  3195 | D:3      | Your scales start taking on an icy white colour.
  3195 | D:3      | Reached XP level 7. HP: 52/60 MP: 7/7
  3195 | D:3      | Gained mutation: Your flesh is cold resistant. (rC+) [White
                  | Draconian growth]
  3246 | D:3      | Found Meol's Book Emporium.
  3632 | D:4      | Found a staircase to the Ecumenical Temple.
  3766 | D:4      | Found a hide-covered altar of Uskayaw.
  4306 | D:5      | Entered Level 5 of the Dungeon
  4306 | D:5      | Found a shimmering altar of Xom.
  4446 | D:5      | Reached *** piety under Trog
  4660 | D:5      | Reached XP level 8. HP: 67/67 MP: 5/8
  4936 | D:5      | Reached skill level 5 in Fighting
  4936 | D:5      | Reached skill level 5 in Axes
  5891 | D:6      | Reached skill level 5 in Shields
  5931 | D:6      | Reached **** piety under Trog
  5932 | D:6      | Reached skill level 5 in Dodging
  5962 | D:6      | Reached XP level 9. HP: 20/75 MP: 3/9
  6288 | D:6      | Killed from afar by a steam dragon

Illustrated notes

Levels and vault maps discovered:
D:1:      dpeg_arrival_arbitrary_b, layout_rooms
D:2:      minmay_inner_zag, layout_basic, hellmonk_ecumenical_altar_blasted,
          serial_bayou_ford_a
D:3:      layout_basic, mainiacjoe_overflow_alcove_2, serial_shops, shop,
          gammafunk_ghost_mausoleum, minmay_tree_intersection, st_stairs_12,
          grunt_ministairs_5, corexii_hall_statues_s,
          chequers_serial_rivers_small_a
D:4:      minmay_angry_zag, layout_loops_cross, grunt_qazlal_sundering,
          nicolae_overflow_crystal_walls, nicolae_overflow_hidden_temple,
          minmay_temple_entry_large_hall, roderic_lattice_a
D:5:      nicolae_cairo_tiling_very_big, layout_loops_ring, xom_confusion_cloud,
          chequers_serial_rivers_room_b, grunt_decor_fettered, goddamned_bats
D:6:      layout_rooms

Skill      XL: |  1  2  3  4  5  6  7  8  9 |
---------------+----------------------------+-----
Dodging        | 3 4 5 |  5.4
Fighting       | 4 5 6 |  6.0
Axes           | 3 4 5 6 |  6.2
Throwing       | 1 2 3 4 |  4.7
Stealth        | 1 2 |  2.2
Long Blades    | 1 4 |  4.5
Shields        | 4 5 |  5.8

Action                   |  1- 3 |  4- 6 |  7- 9 || total
-------------------------+-------+-------+-------++-------
Melee: War axe           |    36 |       |    37 ||    73
       Tailslap          |    10 |     6 |    30 ||    46
       Hand axe          |    55 |    66 |    73 ||   194
       Falchion          |       |     4 |    51 ||    55
Throw: Boomerang         |     1 |    81 |    34 ||   116
Invok: Berserk           |     2 |     5 |    12 ||    19
       Trog's Hand       |       |       |     1 ||     1
       Brothers in Arms  |       |       |     1 ||     1
 Abil: Breathe Frost     |       |       |    39 ||    39
  Use: Scroll            |     1 |     8 |     9 ||    18
       Potion            |     2 |       |     5 ||     7
 Stab: Sleeping          |     2 |     1 |       ||     3
Armor: Skin              |    50 |    24 |   126 ||   200
Dodge: Dodged            |    70 |    47 |   152 ||   269
Block: Buckler           |    28 |     4 |       ||    32
